 Dungeon Crawl Stone Soup version 0.30-a0-920-g7493c07aab (webtiles) character file.

Game seed: 11644410504773994266

51 senseless the Sneak (level 3, -1/23 (25) HPs)
             Began as an Octopode Brigand on Mar 21, 2023.
             Slain by Crazy Yiuf
             ... wielding a +4 quarterstaff of chaos
              (14 damage)
             ... on level 2 of the Dungeon.
             The game lasted 00:02:35 (1530 turns).

senseless the Sneak (Octopode Brigand)              Turns: 1530, Time: 00:02:36

HP:   -1/23 (25)    AC:  1    Str: 10    XL:     3   Next: 83%
MP:   3/3           EV: 13    Int: 13    God:
Gold: 66            SH:  0    Dex: 15    Spells: 2/2 levels left

rFire   . . .      SeeInvis .    a - +2 dagger
rCold   . . .      Faith    .    (no shield)
rNeg    . . .      Spirit   .    (helmet restricted)
rPois   .          Reflect  .    (no amulet)
rElec   .          Rampage  .    (no ring)
rCorr   .                        (no ring)
Will    .....                    (no ring)
Stlth   ++++                     (no ring)
HPRegen 0.23/turn                (no ring)
MPRegen 0.08/turn                (no ring)
                                 (no ring)
                                 (no ring)

@: drained
A: almost no armour, amphibious, 8 rings, camouflage 1, gelatinous body 1,
(nimble swimmer 1), tentacles
a: no special abilities


You were on level 2 of the Dungeon.
You visited 1 branch of the dungeon, and saw 2 of its levels.

You collected 66 gold pieces.

Inventory:

Hand Weapons
 a - a +2 dagger (weapon)
Missiles
 b - 9 poisoned darts (quivered)
 c - 3 curare-tipped darts
Magical Staves
 h - a staff of poison
Scrolls
 e - 2 scrolls of magic mapping {unknown}
 f - 2 scrolls of noise {unknown}
 g - a scroll of fog {unknown}
 j - a scroll of fear {unknown}
 n - a scroll of identify {unknown}
 o - a scroll of teleportation {unknown}
Potions
 i - a potion of mutation {unknown}
 k - a potion of haste {unknown}
 l - a potion of cancellation {unknown}
 m - a potion of might {unknown}


   Skills:
 + Level 2.5 Fighting
 + Level 2.4 Short Blades
 + Level 2.4 Throwing
 + Level 1.7 Dodging
 + Level 5.8 Stealth


You had 2 spell levels left.
You didn't know any spells.
Your spell library contained the following spells:

 Spells                   Type           Power      Damage    Failure   Level
 Gell's Gravitas          Tloc           0%         N/A       67%         3
 Inner Flame              Hex/Fire       0%         N/A       67%         3
 Teleport Other           Tloc           0%         N/A       67%         3
 Flame Wave               Conj/Fire      0%         2d4       97%         4
 Sticky Flame             Conj/Fire      0%         2d3       97%         4
 Dispersal                Tloc           0%         N/A       100%        6


Dungeon Overview and Level Annotations

Branches:
Dungeon (2/15)

Altars:

Annotations:
D:2 Crazy Yiuf


Innate Abilities, Weirdness & Mutations

You cannot wear most types of armour.
You are amphibious.
You can wear up to eight rings at the same time.
Your skin changes colour to match your surroundings (Stealth+).
Your rubbery body absorbs attacks. (AC +1, EV +1)
((You are camouflaged when in or above water. (Stealth+)))
You have tentacles for arms and can constrict up to eight enemies at once.


Message History

You impale the hobgoblin!!
You kill the hobgoblin!
Found a stone staircase leading down.
There is a stone staircase leading down here.
A dart slug comes into view.
The helpless dart slug fails to defend itself.
You impale the dart slug!!
You kill the dart slug!
No target in view!
You see here a dart slug corpse.
n - a scroll labelled IMUNOU NUNA
o - a scroll labelled HEPNAU QAMADD You pick up a There-And-Back Book and begin reading...
You add the spells Gell's Gravitas, Teleport Other and Dispersal to your library.
You see here 2 stones.
You see here 2 stones.
Crazy Yiuf shouts!
Crazy Yiuf says, "Iron green sallow!"
Could not explore, unopened runed door.
You open the door.
Crazy Yiuf cries, "Ice alas down!"
You hit Crazy Yiuf. You grab Crazy Yiuf.
Crazy Yiuf is lightly wounded.
You constrict Crazy Yiuf, but do no damage.
Crazy Yiuf hits you with a +4 quarterstaff of chaos!!
Ouch! That really hurt!
* * * LOW HITPOINT WARNING * * *
You are lethally poisoned!
It was a potion of curing.
You feel better.
You constrict Crazy Yiuf.
Crazy Yiuf hits you with a +4 quarterstaff of chaos!
* * * LOW HITPOINT WARNING * * *
You feel drained.
* * * LOW HITPOINT WARNING * * *
You feel better.
You constrict Crazy Yiuf. Crazy Yiuf closely misses you.
You hit Crazy Yiuf.
Crazy Yiuf is moderately wounded.
You constrict Crazy Yiuf.
Crazy Yiuf hits you with a +4 quarterstaff of chaos!
Ouch! That really hurt!
You die...

#.........# #.# #####
##.#..##### ### #.##.# #.##.#
##### #.##.# #..)# #.##.#
#...# #.#..# ... #.#.## #g#
#.#.# ♣♣@♣ #.#.# ♣.♣♣
######## #.#.# ♣♣.♣ #.......
#.#.# ### ♣.♣♣ #.###### #.#.#
#.# ♣♣.♣♣ #.# ## #.#.###.#
♣...♣♣ #.# ##. #..#.##.#
♣....♣ #####.# ##.# #.###...#
#....# #.....###.##
##[#.##.###....###########.##


You could see Crazy Yiuf.

Vanquished Creatures
  An adder (D:2)
  A worm (D:2)
  4 dart slugs
  5 ball pythons
  4 bats
  2 endoplasms
  A goblin (D:1)
  2 hobgoblins (D:2)
  3 jackals (D:2)
  A quokka (D:2)
  2 frilled lizards
  5 rats
31 creatures vanquished.

Notes
Turn   | Place    | Note
-------+----------+-------------------------------------------
     0 | D:1      | senseless the Octopode Brigand began the quest for the Orb.
     0 | D:1      | Reached XP level 1. HP: 14/14 MP: 1/1
   113 | D:1      | Reached XP level 2. HP: 15/19 MP: 2/2
   796 | D:2      | Reached XP level 3. HP: 21/24 MP: 3/3
  1042 | D:2      | Found a runed translucent door.
  1043 | D:2      | Noticed Crazy Yiuf
  1530 | D:2      | Slain by Crazy Yiuf

Illustrated notes

Levels and vault maps discovered:
D:1:      lightli_arrival_windingriver, layout_basic
D:2:      layout_loops_ring, serial_glass, glass_columns_b, glass_columns_c,
          uniq_crazy_yiuf_cottage

Action                     || total
---------------------------++-------
  Melee: Dagger            ||    58
         Tentacles         ||     8
         Constrict         ||    14
         Punch             ||     1
  Throw: Dart              ||     1
    Use: Potion            ||     2
   Stab: Sleeping          ||    10
 Armour: Skin              ||     6
  Dodge: Dodged            ||    27

Table legend: (Time is in decaauts)
 A = Elapsed time spent in this place.
 B = Non-inter-level travel time spent in this place.
 C = Inter-level travel time spent in this place.
 D = Time resting spent in this place.
 E = Time spent auto-exploring this place.
 F = Levels seen in this place.
 G = Mean time per level.
                   A        B        C        D        E       F      G
               +--------+--------+--------+--------+--------+-----+--------+
         Total |   1523 |   1431 |     92 |      0 |   1209 |   2 |  761.5 |
       Dungeon |   1523 |   1431 |     92 |      0 |   1209 |   2 |  761.5 |
               +--------+--------+--------+--------+--------+-----+--------+

Top non-repeatable levels by time:
     D:2: 779 daAuts
     D:1: 744 daAuts
